[ PARTIDA AOE2 · #463639590 ]
UnrankedSicilianos vs Persians
[ ANÁLISIS DE REPETICIÓN · EXTRAÍDO DE LA PARTIDA GRABADA ]
Feudal
11:21
Castillos
14:51
Imperial
27:58
| APM promedio | 34.3 |
| APM pico | 72 |
| eAPM promedio | 22.9 |
| Aldeanos / militares | 272 / 720 |
Foco
⚔️ 33.5% · 🌾 66.5%
Serjeant ×499 · Spearman ×204 · Trebuchet (Packed) ×15 · Monk ×2
Feudal
11:00
Castillos
13:44
Imperial
31:57
| APM promedio | 42.5 |
| APM pico | 82 |
| eAPM promedio | 24.8 |
| Aldeanos / militares | 370 / 484 |
Foco
⚔️ 28.2% · 🌾 71.8%
Scout Cavalry ×410 · Ballista Elephant ×46 · Knight ×18 · Battle Elephant ×6 · Scorpion ×2 · Battering Ram ×2
Feudal
11:12
Castillos
14:51
Imperial
42:07
| APM promedio | 37.1 |
| APM pico | 90 |
| eAPM promedio | 21.5 |
| Aldeanos / militares | 144 / 256 |
Foco
⚔️ 18.6% · 🌾 81.4%
Scout Cavalry ×133 · Hand Cannoneer ×102 · Bombard Cannon ×18 · Mangonel ×2 · Monk ×1
Feudal
11:23
Castillos
15:03
Imperial
31:46
| APM promedio | 62.1 |
| APM pico | 122 |
| eAPM promedio | 41.1 |
| Aldeanos / militares | 319 / 472 |
Foco
⚔️ 42.7% · 🌾 57.3%
Scout Cavalry ×297 · Knight ×81 · Cavalry Archer ×62 · Skirmisher ×23 · Mangonel ×4 · Magyar Huszar ×3
Feudal
9:43
Castillos
13:13
Imperial
48:32
| APM promedio | 72.7 |
| APM pico | 127 |
| eAPM promedio | 43.0 |
| Aldeanos / militares | 431 / 359 |
Foco
⚔️ 48.6% · 🌾 51.4%
Scorpion ×343 · Battering Ram ×16
Feudal
10:32
Castillos
14:08
Imperial
29:20
| APM promedio | 44.4 |
| APM pico | 78 |
| eAPM promedio | 26.3 |
| Aldeanos / militares | 327 / 585 |
Foco
⚔️ 41.8% · 🌾 58.2%
Spearman ×464 · Iron Pagoda ×52 · Hand Cannoneer ×44 · Battering Ram ×15 · Trebuchet (Packed) ×8 · Monk ×2
Feudal
9:06
Castillos
15:32
Imperial
28:08
| APM promedio | 55.3 |
| APM pico | 97 |
| eAPM promedio | 37.3 |
| Aldeanos / militares | 265 / 732 |
Foco
⚔️ 52.9% · 🌾 47.1%
Spearman ×407 · Militia ×174 · Hand Cannoneer ×94 · Iron Pagoda ×40 · Trade Cart ×15 · Trebuchet (Packed) ×14
Feudal
10:56
Castillos
14:31
Imperial
28:24
| APM promedio | 60.6 |
| APM pico | 145 |
| eAPM promedio | 47.1 |
| Aldeanos / militares | 330 / 746 |
Foco
⚔️ 46.8% · 🌾 53.2%
Serjeant ×296 · Skirmisher ×182 · Spearman ×137 · Scout Cavalry ×79 · Battering Ram ×45 · Trebuchet (Packed) ×5
Mapa de la partida
Recursos iniciales + cada clic de construcción. Líneas = muros · curvas = relieve. ◆ oro · ⬟ piedra · ● bayas · ✦ reliquia · ◌ hueco del cierre
Tu base· Abierta — flanco sin cerrar
Base de 要圍好別送馬啊~小花土· Abierta — flanco sin cerrar
Base de 得鹿梦鱼· Abierta — flanco sin cerrar
Base de 别西卜· Abierta — flanco sin cerrar
Base de Rayz· Abierta — flanco sin cerrar
Base de 旋律· Abierta — flanco sin cerrar
Base de ANKR.ice cream· Abierta — flanco sin cerrar
Base de _LY_lyx· Abierta — flanco sin cerrar
Terreno inicial suavizado · ◌ = hueco del cierre detectado · pasá el cursor para detalles
Inputs por minuto
— liang0312 - - 要圍好別送馬啊~小花土
Build order — liang0312
Primeras 150 de 841 acciones detectadas
| 0:00 | Crear | Villager (Male) |
| 0:03 | Construir | House |
| 0:05 | Construir | House |
| 0:25 | Crear | Villager (Male) |
| 0:25 | Crear | Villager (Male) |
| 0:25 | Crear | Villager (Male) |
| 0:26 | Crear | Villager (Male) |
| 1:26 | Crear | Villager (Male) |
| 1:26 | Crear | Villager (Male) |
| 1:46 | Construir | Lumber Camp |
| 2:02 | Crear | Villager (Male) |
| 2:02 | Crear | Villager (Male) |
| 2:49 | Crear | Villager (Male) |
| 2:49 | Crear | Villager (Male) |
| 3:27 | Construir | House |
| 3:36 | Crear | Villager (Male) |
| 3:36 | Crear | Villager (Male) |
| 4:01 | Construir | Building 804 |
| 4:08 | Construir | Building 804 |
| 4:11 | Construir | Building 796 |
| 4:18 | Construir | Building 796 |
| 4:36 | Crear | Villager (Male) |
| 4:36 | Crear | Villager (Male) |
| 4:37 | Crear | Villager (Male) |
| 4:40 | Construir | Building 804 |
| 4:46 | Construir | Palisade Wall |
| 5:10 | Crear | Villager (Male) |
| 5:12 | Construir | Mill |
| 5:45 | Crear | Villager (Male) |
| 5:46 | Crear | Villager (Male) |
| 5:46 | Crear | Villager (Male) |
| 5:55 | Construir | House |
| 6:06 | Crear | Villager (Male) |
| 6:30 | Construir | House |
| 7:05 | Crear | Villager (Male) |
| 7:39 | Construir | Farm |
| 7:40 | Construir | Farm |
| 7:42 | Construir | Farm |
| 7:52 | Crear | Villager (Male) |
| 8:13 | Crear | Villager (Male) |
| 8:40 | Crear | Villager (Male) |
| 8:53 | Construir | Mining Camp |
| 9:07 | Investigar | Feudal Age |
| 10:23 | Crear | Villager (Male) |
| 10:23 | Crear | Villager (Male) |
| 11:21 | Edad | Edad Feudal |
| 11:23 | Construir | Market |
| 11:25 | Construir | Blacksmith |
| 12:11 | Investigar | Castle Age |
| 12:11 | Investigar | Castle Age |
| 12:19 | Investigar | Double-Bit Axe |
| 12:31 | Construir | Farm |
| 12:33 | Construir | Farm |
| 12:40 | Investigar | Horse Collar |
| 12:46 | Construir | Farm |
| 12:47 | Construir | Farm |
| 12:53 | Construir | House |
| 13:45 | Construir | House |
| 14:24 | Crear | Villager (Male) |
| 14:51 | Edad | Edad de los Castillos |
| 14:52 | Construir | Town Center |
| 14:56 | Construir | Town Center |
| 15:01 | Investigar | Bow Saw |
| 15:11 | Crear | Villager (Male) |
| 15:25 | Construir | Farm |
| 15:32 | Crear | Villager (Male) |
| 15:41 | Crear | Villager (Male) |
| 15:46 | Crear | Villager (Male) |
| 15:53 | Investigar | Heavy Plow |
| 15:54 | Crear | Villager (Male) |
| 15:55 | Crear | Villager (Male) |
| 16:07 | Construir | Farm |
| 16:10 | Construir | Farm |
| 16:15 | Crear | Villager (Male) |
| 16:18 | Construir | Farm |
| 16:30 | Construir | Farm |
| 16:31 | Construir | Farm |
| 16:39 | Crear | Villager (Male) |
| 16:39 | Crear | Villager (Male) |
| 16:39 | Crear | Villager (Male) |
| 16:41 | Construir | Farm |
| 16:50 | Crear | Villager (Male) |
| 16:52 | Construir | Farm |
| 16:59 | Construir | Farm |
| 17:05 | Crear | Villager (Male) |
| 17:07 | Construir | Farm |
| 17:09 | Construir | Farm |
| 17:16 | Crear | Villager (Male) |
| 17:27 | Crear | Villager (Male) |
| 17:39 | Construir | Town Center |
| 17:42 | Crear | Villager (Male) |
| 17:47 | Construir | Farm |
| 17:50 | Crear | Villager (Male) |
| 17:55 | Construir | House |
| 17:56 | Crear | Villager (Male) |
| 18:00 | Construir | House |
| 18:01 | Construir | House |
| 18:07 | Crear | Villager (Male) |
| 18:13 | Crear | Villager (Male) |
| 18:16 | Construir | Farm |
| 18:18 | Construir | Farm |
| 18:24 | Crear | Villager (Male) |
| 18:24 | Crear | Villager (Male) |
| 18:30 | Construir | Farm |
| 18:32 | Construir | Farm |
| 18:35 | Crear | Villager (Male) |
| 18:37 | Construir | Farm |
| 18:41 | Crear | Villager (Male) |
| 18:46 | Construir | House |
| 18:48 | Crear | Villager (Male) |
| 18:49 | Crear | Villager (Male) |
| 18:53 | Construir | Farm |
| 18:54 | Construir | Farm |
| 18:58 | Construir | Farm |
| 18:59 | Crear | Villager (Male) |
| 19:00 | Crear | Villager (Male) |
| 19:04 | Crear | Villager (Male) |
| 19:08 | Crear | Villager (Male) |
| 19:16 | Crear | Villager (Male) |
| 19:19 | Construir | Lumber Camp |
| 19:23 | Construir | Farm |
| 19:24 | Crear | Villager (Male) |
| 19:27 | Construir | House |
| 19:28 | Construir | House |
| 19:29 | Crear | Villager (Male) |
| 19:39 | Crear | Villager (Male) |
| 19:44 | Crear | Villager (Male) |
| 19:48 | Construir | Farm |
| 19:48 | Construir | Farm |
| 19:49 | Construir | Farm |
| 19:51 | Crear | Villager (Male) |
| 19:57 | Crear | Villager (Male) |
| 20:01 | Construir | House |
| 20:04 | Construir | House |
| 20:08 | Investigar | Town Watch |
| 20:15 | Crear | Villager (Male) |
| 20:19 | Construir | Farm |
| 20:21 | Construir | Farm |
| 20:22 | Construir | Farm |
| 20:23 | Construir | Farm |
| 20:24 | Construir | Farm |
| 20:30 | Investigar | Wheelbarrow |
| 20:36 | Crear | Villager (Male) |
| 20:44 | Crear | Villager (Male) |
| 20:52 | Crear | Villager (Male) |
| 20:59 | Crear | Villager (Male) |
| 21:01 | Crear | Villager (Male) |
| 21:08 | Construir | Farm |
| 21:09 | Construir | Farm |
| 21:11 | Construir | Farm |
Build order — 要圍好別送馬啊~小花土
Primeras 150 de 920 acciones detectadas
| 0:00 | Crear | Villager (Male) |
| 0:02 | Crear | Villager (Male) |
| 0:02 | Crear | Villager (Male) |
| 0:02 | Crear | Villager (Male) |
| 0:05 | Construir | House |
| 0:07 | Construir | House |
| 1:24 | Crear | Villager (Male) |
| 1:55 | Construir | Lumber Camp |
| 2:03 | Crear | Villager (Male) |
| 2:22 | Crear | Villager (Male) |
| 2:23 | Crear | Villager (Male) |
| 2:58 | Crear | Villager (Male) |
| 2:58 | Crear | Villager (Male) |
| 3:24 | Crear | Villager (Male) |
| 3:30 | Construir | House |
| 3:44 | Crear | Villager (Male) |
| 3:49 | Construir | House |
| 3:50 | Construir | House |
| 4:07 | Crear | Villager (Male) |
| 4:08 | Crear | Villager (Male) |
| 4:32 | Crear | Villager (Male) |
| 4:32 | Crear | Villager (Male) |
| 5:03 | Crear | Villager (Male) |
| 5:30 | Crear | Villager (Male) |
| 5:42 | Crear | Villager (Male) |
| 5:46 | Construir | Mill |
| 6:13 | Crear | Villager (Male) |
| 6:33 | Crear | Villager (Male) |
| 6:36 | Construir | Farm |
| 6:40 | Crear | Villager (Male) |
| 6:52 | Crear | Villager (Male) |
| 7:26 | Crear | Villager (Male) |
| 7:47 | Construir | Farm |
| 7:52 | Crear | Villager (Male) |
| 7:58 | Construir | Farm |
| 8:13 | Crear | Villager (Male) |
| 8:32 | Construir | Mining Camp |
| 8:43 | Investigar | Feudal Age |
| 8:49 | Construir | Farm |
| 11:00 | Edad | Edad Feudal |
| 11:04 | Investigar | Castle Age |
| 11:04 | Investigar | Castle Age |
| 11:18 | Construir | Farm |
| 11:21 | Construir | Stable |
| 11:30 | Investigar | Double-Bit Axe |
| 11:30 | Investigar | Double-Bit Axe |
| 11:54 | Crear | Villager (Male) |
| 11:55 | Crear | Villager (Male) |
| 12:19 | Investigar | Horse Collar |
| 12:23 | Crear | Scout Cavalry |
| 12:27 | Construir | Farm |
| 12:47 | Crear | Scout Cavalry |
| 13:05 | Crear | Scout Cavalry |
| 13:16 | Construir | Farm |
| 13:19 | Construir | Farm |
| 13:29 | Construir | House |
| 13:44 | Edad | Edad de los Castillos |
| 13:47 | Crear | Knight |
| 13:54 | Crear | Villager (Male) |
| 13:59 | Crear | Knight |
| 14:11 | Crear | Villager (Male) |
| 14:13 | Construir | House |
| 14:17 | Construir | Farm |
| 14:25 | Crear | Knight |
| 14:33 | Crear | Villager (Male) |
| 14:40 | Construir | House |
| 14:50 | Crear | Villager (Male) |
| 14:58 | Crear | Knight |
| 14:58 | Crear | Villager (Male) |
| 15:02 | Construir | Farm |
| 15:11 | Crear | Villager (Male) |
| 15:14 | Construir | Farm |
| 15:14 | Construir | Farm |
| 15:14 | Construir | Farm |
| 15:16 | Construir | Farm |
| 15:26 | Crear | Knight |
| 15:30 | Construir | House |
| 15:43 | Crear | Villager (Male) |
| 15:51 | Crear | Knight |
| 15:54 | Crear | Villager (Male) |
| 16:03 | Crear | Knight |
| 16:10 | Crear | Villager (Male) |
| 16:25 | Construir | House |
| 16:32 | Crear | Knight |
| 16:39 | Crear | Villager (Male) |
| 16:41 | Construir | Farm |
| 16:41 | Construir | Farm |
| 16:42 | Construir | Farm |
| 16:42 | Construir | Farm |
| 16:42 | Construir | Farm |
| 16:43 | Construir | Farm |
| 16:43 | Construir | Farm |
| 17:02 | Crear | Knight |
| 17:05 | Crear | Villager (Male) |
| 17:07 | Construir | Farm |
| 17:08 | Construir | Farm |
| 17:09 | Crear | Villager (Male) |
| 17:20 | Construir | House |
| 17:27 | Crear | Knight |
| 17:33 | Crear | Villager (Male) |
| 17:34 | Crear | Villager (Male) |
| 17:50 | Crear | Knight |
| 17:58 | Crear | Villager (Male) |
| 18:14 | Crear | Knight |
| 18:33 | Crear | Knight |
| 18:42 | Construir | Town Center |
| 18:46 | Crear | Villager (Male) |
| 18:49 | Crear | Knight ×2 |
| 19:00 | Construir | Farm |
| 19:10 | Construir | House |
| 19:15 | Crear | Villager (Male) |
| 19:29 | Crear | Villager (Male) |
| 19:30 | Crear | Villager (Male) |
| 19:55 | Crear | Villager (Male) |
| 20:00 | Construir | Farm |
| 20:01 | Construir | Farm |
| 20:01 | Construir | Farm |
| 20:01 | Construir | Farm |
| 20:01 | Construir | Farm |
| 20:11 | Crear | Villager (Male) |
| 20:12 | Crear | Villager (Male) |
| 20:26 | Crear | Villager (Male) |
| 20:34 | Crear | Villager (Male) |
| 20:40 | Construir | House |
| 20:41 | Construir | House |
| 20:51 | Crear | Villager (Male) |
| 21:09 | Crear | Knight |
| 21:09 | Crear | Knight |
| 21:13 | Crear | Villager (Male) |
| 21:20 | Construir | Town Center |
| 21:27 | Crear | Knight |
| 21:28 | Crear | Villager (Male) |
| 21:39 | Investigar | Wheelbarrow |
| 21:55 | Crear | Villager (Male) |
| 22:00 | Crear | Villager (Male) |
| 22:03 | Construir | Farm |
| 22:03 | Construir | Farm |
| 22:04 | Construir | Farm |
| 22:04 | Construir | Farm |
| 22:04 | Construir | Farm |
| 22:11 | Crear | Villager (Male) |
| 22:11 | Crear | Villager (Male) |
| 22:29 | Crear | Villager (Male) |
| 22:31 | Crear | Villager (Male) |
| 22:33 | Construir | Farm |
| 22:34 | Construir | Farm |
| 22:34 | Construir | Farm |
| 22:34 | Construir | Farm |
| 22:34 | Construir | Farm |
| 22:35 | Construir | Farm |
Build order — 得鹿梦鱼
Primeras 150 de 405 acciones detectadas
| 0:02 | Crear | Villager (Male) |
| 0:02 | Crear | Villager (Male) |
| 0:02 | Crear | Villager (Male) |
| 0:03 | Crear | Villager (Male) |
| 0:04 | Construir | House |
| 0:06 | Construir | House |
| 0:07 | Crear | Villager (Male) |
| 1:26 | Crear | Villager (Male) |
| 1:45 | Construir | Lumber Camp |
| 2:08 | Crear | Villager (Male) |
| 2:41 | Crear | Villager (Male) |
| 3:10 | Crear | Villager (Male) |
| 3:10 | Crear | Villager (Male) |
| 3:18 | Construir | House |
| 3:46 | Construir | Mill |
| 3:48 | Crear | Villager (Male) |
| 4:20 | Crear | Villager (Male) |
| 4:47 | Crear | Villager (Male) |
| 5:06 | Crear | Villager (Male) |
| 5:06 | Crear | Villager (Male) |
| 5:22 | Construir | House |
| 5:41 | Crear | Villager (Male) |
| 6:39 | Construir | Mill |
| 6:45 | Crear | Villager (Male) |
| 6:46 | Crear | Villager (Male) |
| 6:46 | Crear | Villager (Male) |
| 7:00 | Crear | Villager (Male) |
| 7:45 | Construir | House |
| 8:13 | Crear | Villager (Male) |
| 8:26 | Construir | Mining Camp |
| 8:32 | Crear | Villager (Male) |
| 9:03 | Investigar | Feudal Age |
| 9:45 | Construir | Farm |
| 10:02 | Construir | Farm |
| 10:08 | Construir | Farm |
| 10:46 | Crear | Villager (Male) |
| 10:46 | Crear | Villager (Male) |
| 11:12 | Edad | Edad Feudal |
| 11:15 | Construir | Market |
| 11:20 | Construir | Blacksmith |
| 11:35 | Construir | House |
| 11:36 | Construir | House |
| 12:25 | Investigar | Castle Age |
| 12:32 | Construir | House |
| 12:33 | Construir | House |
| 12:35 | Construir | House |
| 12:39 | Construir | Farm |
| 12:40 | Construir | Farm |
| 12:55 | Investigar | Double-Bit Axe |
| 13:37 | Construir | Farm |
| 13:49 | Construir | Farm |
| 13:53 | Crear | Villager (Male) |
| 13:53 | Crear | Villager (Male) |
| 14:47 | Construir | House |
| 14:51 | Edad | Edad de los Castillos |
| 14:59 | Construir | Town Center |
| 15:33 | Crear | Villager (Male) |
| 15:33 | Crear | Villager (Male) |
| 15:40 | Construir | Town Center |
| 15:54 | Crear | Villager (Male) |
| 15:58 | Investigar | Bow Saw |
| 16:09 | Crear | Villager (Male) |
| 16:15 | Construir | Farm |
| 16:16 | Crear | Villager (Male) |
| 16:16 | Crear | Villager (Male) |
| 16:30 | Crear | Villager (Male) |
| 16:30 | Crear | Villager (Male) |
| 16:45 | Construir | Farm |
| 16:50 | Construir | Farm |
| 16:51 | Construir | Farm |
| 17:04 | Construir | Farm |
| 17:16 | Crear | Villager (Male) |
| 17:16 | Crear | Villager (Male) |
| 17:36 | Construir | Siege Workshop |
| 17:52 | Construir | Stone Wall |
| 18:07 | Construir | House |
| 18:10 | Construir | House |
| 18:31 | Crear | Mangonel |
| 18:49 | Construir | Stone Wall |
| 19:27 | Investigar | Loom |
| 20:01 | Construir | Stone Wall |
| 20:27 | Crear | Mangonel |
| 21:12 | Construir | Siege Workshop |
| 22:32 | Construir | Stone Wall |
| 23:43 | Construir | Town Center |
| 24:34 | Construir | Farm |
| 24:43 | Construir | Farm |
| 25:09 | Construir | Farm |
| 25:19 | Construir | Farm |
| 25:21 | Construir | Farm |
| 26:40 | Crear | Villager (Male) |
| 26:41 | Crear | Villager (Male) |
| 27:29 | Crear | Villager (Male) |
| 27:30 | Crear | Villager (Male) |
| 27:58 | Construir | Building 490 |
| 28:44 | Crear | Villager (Male) |
| 28:44 | Crear | Villager (Male) |
| 28:45 | Crear | Villager (Male) |
| 28:45 | Crear | Villager (Male) |
| 28:54 | Construir | Town Center |
| 28:58 | Crear | Villager (Male) |
| 28:58 | Crear | Villager (Male) |
| 28:58 | Crear | Villager (Male) |
| 28:59 | Crear | Villager (Male) |
| 28:59 | Crear | Villager (Male) |
| 29:00 | Crear | Villager (Male) |
| 29:00 | Crear | Villager (Male) |
| 29:45 | Construir | Farm |
| 29:45 | Construir | Farm |
| 29:45 | Construir | Farm |
| 29:46 | Construir | Farm |
| 29:46 | Construir | Farm |
| 29:46 | Construir | Farm |
| 29:47 | Construir | Farm |
| 29:48 | Construir | Farm |
| 29:48 | Construir | Farm |
| 29:52 | Crear | Villager (Male) |
| 29:52 | Crear | Villager (Male) |
| 31:07 | Crear | Villager (Male) |
| 31:07 | Crear | Villager (Male) |
| 31:07 | Crear | Villager (Male) |
| 31:08 | Crear | Villager (Male) |
| 31:08 | Crear | Villager (Male) |
| 31:08 | Crear | Villager (Male) |
| 31:09 | Crear | Villager (Male) |
| 31:09 | Crear | Villager (Male) |
| 31:48 | Construir | Farm |
| 32:05 | Crear | Villager (Male) |
| 32:05 | Crear | Villager (Male) |
| 32:06 | Crear | Villager (Male) |
| 32:06 | Crear | Villager (Male) |
| 32:06 | Crear | Villager (Male) |
| 32:06 | Crear | Villager (Male) |
| 32:07 | Crear | Villager (Male) |
| 32:08 | Construir | Farm |
| 32:18 | Construir | Barracks |
| 32:22 | Construir | Farm |
| 32:24 | Construir | Farm |
| 32:26 | Crear | Villager (Male) |
| 32:26 | Crear | Villager (Male) |
| 32:57 | Construir | Farm |
| 32:58 | Construir | Farm |
| 32:59 | Construir | Farm |
| 33:00 | Construir | Farm |
| 33:02 | Construir | Farm |
| 33:04 | Construir | Farm |
| 33:07 | Construir | Mill |
| 33:10 | Construir | Farm |
| 33:13 | Crear | Villager (Male) |
| 33:13 | Crear | Villager (Male) |
Build order — 别西卜
Primeras 150 de 1073 acciones detectadas
| 0:01 | Crear | Villager (Male) |
| 0:01 | Crear | Villager (Male) |
| 0:02 | Construir | House |
| 0:03 | Construir | House |
| 0:10 | Crear | Villager (Male) |
| 0:10 | Crear | Villager (Male) |
| 1:25 | Crear | Villager (Male) |
| 1:51 | Construir | Lumber Camp |
| 2:02 | Crear | Villager (Male) |
| 2:02 | Crear | Villager (Male) |
| 2:16 | Crear | Villager (Male) |
| 2:57 | Crear | Villager (Male) |
| 2:58 | Crear | Villager (Male) |
| 3:13 | Crear | Villager (Male) |
| 3:39 | Crear | Villager (Male) |
| 3:39 | Crear | Villager (Male) |
| 3:41 | Construir | Mill |
| 3:57 | Construir | House |
| 4:02 | Crear | Villager (Male) |
| 4:02 | Crear | Villager (Male) |
| 4:07 | Construir | House |
| 4:31 | Crear | Villager (Male) |
| 4:52 | Crear | Villager (Male) |
| 5:12 | Construir | House |
| 5:17 | Crear | Villager (Male) |
| 5:17 | Crear | Villager (Male) |
| 5:38 | Crear | Villager (Male) |
| 5:54 | Construir | Farm |
| 6:13 | Crear | Villager (Male) |
| 6:14 | Crear | Villager (Male) |
| 6:18 | Crear | Villager (Male) |
| 6:19 | Crear | Villager (Male) |
| 6:20 | Construir | Farm |
| 6:30 | Crear | Villager (Male) |
| 6:40 | Crear | Villager (Male) |
| 6:40 | Crear | Villager (Male) |
| 7:06 | Crear | Villager (Male) |
| 7:06 | Crear | Villager (Male) |
| 7:06 | Crear | Villager (Male) |
| 7:24 | Crear | Villager (Male) |
| 7:24 | Crear | Villager (Male) |
| 7:25 | Crear | Villager (Male) |
| 7:39 | Crear | Villager (Male) |
| 7:39 | Crear | Villager (Male) |
| 8:01 | Construir | Farm |
| 9:13 | Investigar | Feudal Age |
| 9:13 | Investigar | Feudal Age |
| 9:48 | Construir | Palisade Wall |
| 9:51 | Construir | Palisade Wall |
| 9:52 | Construir | Palisade Wall |
| 9:53 | Construir | Palisade Wall |
| 10:41 | Construir | Farm |
| 11:06 | Crear | Villager (Male) |
| 11:07 | Crear | Villager (Male) |
| 11:23 | Edad | Edad Feudal |
| 11:24 | Construir | Market |
| 11:29 | Construir | Blacksmith |
| 12:23 | Investigar | Castle Age |
| 12:23 | Investigar | Castle Age |
| 12:57 | Investigar | Horse Collar |
| 12:57 | Investigar | Horse Collar |
| 13:14 | Construir | House |
| 13:23 | Construir | Farm |
| 13:25 | Construir | Farm |
| 13:26 | Construir | Farm |
| 13:28 | Construir | Farm |
| 13:31 | Investigar | Double-Bit Axe |
| 13:32 | Investigar | Double-Bit Axe |
| 14:11 | Construir | Farm |
| 14:37 | Construir | Mining Camp |
| 14:55 | Crear | Villager (Male) |
| 14:55 | Crear | Villager (Male) |
| 15:03 | Edad | Edad de los Castillos |
| 15:04 | Construir | Siege Workshop |
| 15:14 | Construir | Stone Wall |
| 15:19 | Construir | Stone Wall |
| 15:21 | Construir | Stone Wall |
| 15:25 | Investigar | Loom |
| 15:25 | Investigar | Loom |
| 15:28 | Investigar | Bow Saw |
| 15:28 | Investigar | Bow Saw |
| 15:29 | Crear | Villager (Male) |
| 15:43 | Crear | Mangonel |
| 15:50 | Crear | Villager (Male) |
| 16:05 | Crear | Villager (Male) |
| 16:47 | Crear | Villager (Male) |
| 16:51 | Crear | Villager (Male) |
| 16:54 | Construir | Farm |
| 16:56 | Crear | Villager (Male) |
| 17:06 | Crear | Villager (Male) |
| 17:21 | Construir | Town Center |
| 17:27 | Construir | Stone Wall |
| 17:30 | Crear | Villager (Male) |
| 17:31 | Crear | Villager (Male) |
| 17:58 | Construir | House |
| 17:59 | Construir | House |
| 18:10 | Construir | Farm |
| 18:30 | Construir | Town Center |
| 18:33 | Crear | Villager (Male) |
| 18:40 | Crear | Villager (Male) |
| 18:43 | Crear | Villager (Male) |
| 18:49 | Investigar | Wheelbarrow |
| 18:49 | Investigar | Wheelbarrow |
| 18:49 | Crear | Villager (Male) |
| 18:51 | Construir | Farm |
| 18:53 | Crear | Villager (Male) |
| 18:53 | Crear | Villager (Male) |
| 19:14 | Crear | Villager (Male) |
| 19:16 | Construir | Farm |
| 19:17 | Construir | Farm |
| 19:27 | Crear | Villager (Male) |
| 19:32 | Construir | Farm |
| 19:35 | Construir | Farm |
| 19:58 | Crear | Villager (Male) |
| 20:00 | Construir | Farm |
| 20:01 | Construir | Farm |
| 20:09 | Crear | Villager (Male) |
| 20:11 | Construir | Farm |
| 20:15 | Construir | Farm |
| 20:16 | Construir | Farm |
| 20:17 | Crear | Villager (Male) |
| 20:17 | Crear | Villager (Male) |
| 20:21 | Construir | Lumber Camp |
| 20:25 | Crear | Villager (Male) |
| 20:31 | Crear | Villager (Male) |
| 20:34 | Construir | Farm |
| 20:36 | Construir | Farm |
| 20:39 | Crear | Villager (Male) |
| 20:40 | Crear | Villager (Male) |
| 21:01 | Crear | Villager (Male) |
| 21:01 | Crear | Villager (Male) |
| 21:06 | Construir | Farm |
| 21:08 | Construir | Farm |
| 21:13 | Construir | Farm |
| 21:16 | Crear | Villager (Male) |
| 21:16 | Crear | Villager (Male) |
| 21:17 | Crear | Villager (Male) |
| 21:29 | Crear | Villager (Male) |
| 21:40 | Crear | Villager (Male) |
| 21:53 | Construir | Town Center |
| 22:04 | Construir | Farm |
| 22:08 | Crear | Villager (Male) |
| 22:08 | Crear | Villager (Male) |
| 22:08 | Crear | Villager (Male) |
| 22:09 | Crear | Villager (Male) |
| 22:12 | Construir | House |
| 22:13 | Construir | House |
| 22:15 | Crear | Villager (Male) |
| 22:16 | Construir | Farm |
| 22:21 | Construir | House |
Build order — Rayz
Primeras 150 de 1151 acciones detectadas
| 0:00 | Crear | Villager (Male) |
| 0:00 | Crear | Villager (Male) |
| 0:01 | Crear | Villager (Male) |
| 0:01 | Crear | Villager (Male) |
| 0:01 | Crear | Villager (Male) |
| 0:02 | Construir | House |
| 0:03 | Construir | House |
| 1:11 | Crear | Villager (Male) |
| 1:50 | Crear | Villager (Male) |
| 1:52 | Construir | Lumber Camp |
| 2:01 | Construir | House |
| 2:13 | Crear | Villager (Male) |
| 2:13 | Crear | Villager (Male) |
| 2:32 | Crear | Villager (Male) |
| 2:32 | Crear | Villager (Male) |
| 2:58 | Construir | Palisade Wall |
| 3:01 | Construir | Palisade Wall |
| 3:03 | Construir | Palisade Wall |
| 3:05 | Crear | Villager (Male) |
| 3:06 | Construir | Palisade Wall |
| 3:12 | Construir | Building 800 |
| 3:28 | Construir | Palisade Wall |
| 3:29 | Construir | Palisade Wall |
| 3:31 | Construir | Palisade Wall |
| 3:35 | Construir | Palisade Wall |
| 3:39 | Construir | Palisade Wall |
| 3:41 | Construir | Palisade Wall |
| 3:43 | Construir | Palisade Wall |
| 3:45 | Construir | Palisade Wall |
| 3:48 | Crear | Villager (Male) |
| 3:48 | Crear | Villager (Male) |
| 4:22 | Crear | Villager (Male) |
| 4:38 | Construir | Mill |
| 4:45 | Crear | Villager (Male) |
| 4:59 | Crear | Villager (Male) |
| 5:30 | Construir | Farm |
| 5:38 | Crear | Villager (Male) |
| 5:41 | Construir | House |
| 5:43 | Construir | House |
| 6:01 | Crear | Villager (Male) |
| 6:24 | Crear | Villager (Male) |
| 7:08 | Crear | Villager (Male) |
| 7:29 | Investigar | Feudal Age |
| 7:29 | Investigar | Feudal Age |
| 8:53 | Crear | Villager (Male) |
| 8:56 | Investigar | Loom |
| 9:43 | Edad | Edad Feudal |
| 9:45 | Construir | Market |
| 9:46 | Construir | Blacksmith |
| 10:33 | Investigar | Castle Age |
| 10:33 | Investigar | Castle Age |
| 10:44 | Investigar | Double-Bit Axe |
| 11:28 | Construir | Mining Camp |
| 11:43 | Crear | Villager (Male) |
| 12:54 | Construir | House |
| 12:55 | Construir | House |
| 13:13 | Edad | Edad de los Castillos |
| 13:15 | Construir | Siege Workshop |
| 13:18 | Construir | Siege Workshop |
| 13:23 | Construir | Palisade Wall |
| 13:24 | Construir | Palisade Wall |
| 13:30 | Investigar | Bow Saw |
| 13:31 | Crear | Villager (Male) |
| 13:41 | Construir | Farm |
| 14:00 | Construir | Farm |
| 14:01 | Crear | Villager (Male) |
| 14:07 | Crear | Battering Ram |
| 14:08 | Crear | Scorpion |
| 14:13 | Construir | House |
| 14:35 | Construir | Farm |
| 14:38 | Crear | Battering Ram |
| 14:45 | Crear | Scorpion |
| 14:45 | Crear | Scorpion |
| 14:55 | Construir | Farm |
| 15:02 | Crear | Villager (Male) |
| 15:03 | Crear | Villager (Male) |
| 15:16 | Crear | Scorpion |
| 15:16 | Crear | Scorpion |
| 15:27 | Crear | Villager (Male) |
| 15:27 | Crear | Villager (Male) |
| 15:29 | Construir | Farm |
| 15:34 | Crear | Scorpion |
| 15:54 | Crear | Scorpion |
| 16:08 | Crear | Villager (Male) |
| 16:19 | Crear | Scorpion |
| 16:22 | Crear | Villager (Male) |
| 16:31 | Construir | Farm |
| 16:45 | Crear | Villager (Male) |
| 16:45 | Crear | Villager (Male) |
| 17:05 | Crear | Scorpion |
| 17:05 | Crear | Scorpion |
| 17:08 | Construir | Farm |
| 17:12 | Construir | Farm |
| 17:21 | Crear | Villager (Male) |
| 17:44 | Crear | Villager (Male) |
| 17:52 | Crear | Scorpion |
| 17:53 | Crear | Scorpion |
| 17:58 | Crear | Scorpion |
| 17:59 | Investigar | Horse Collar |
| 18:01 | Construir | House |
| 18:01 | Construir | House |
| 18:02 | Construir | House |
| 18:20 | Construir | Farm |
| 18:21 | Construir | Farm |
| 18:36 | Crear | Scorpion |
| 18:36 | Crear | Scorpion |
| 18:41 | Crear | Villager (Male) |
| 18:42 | Crear | Villager (Male) |
| 18:56 | Crear | Scorpion |
| 18:56 | Crear | Scorpion |
| 18:56 | Crear | Villager (Male) |
| 19:04 | Construir | House |
| 19:10 | Crear | Scorpion |
| 19:30 | Crear | Villager (Male) |
| 19:30 | Construir | Lumber Camp |
| 19:47 | Crear | Scorpion |
| 19:47 | Crear | Scorpion |
| 19:49 | Crear | Villager (Male) |
| 20:01 | Crear | Scorpion |
| 20:01 | Crear | Scorpion |
| 20:14 | Crear | Villager (Male) |
| 20:15 | Crear | Villager (Male) |
| 20:15 | Crear | Villager (Male) |
| 20:29 | Crear | Scorpion |
| 20:29 | Crear | Scorpion |
| 20:41 | Crear | Scorpion |
| 20:41 | Crear | Scorpion |
| 20:48 | Crear | Villager (Male) |
| 20:59 | Crear | Villager (Male) |
| 21:01 | Crear | Villager (Male) |
| 21:01 | Crear | Villager (Male) |
| 21:06 | Crear | Scorpion |
| 21:10 | Crear | Villager (Male) |
| 21:22 | Crear | Scorpion |
| 21:47 | Construir | Town Center |
| 22:03 | Construir | House |
| 22:21 | Investigar | Wheelbarrow |
| 22:21 | Investigar | Wheelbarrow |
| 22:22 | Crear | Villager (Male) |
| 22:22 | Crear | Villager (Male) |
| 22:37 | Crear | Scorpion |
| 22:38 | Crear | Scorpion |
| 23:15 | Crear | Villager (Male) |
| 23:20 | Construir | Town Center |
| 23:32 | Investigar | Heavy Plow |
| 23:32 | Investigar | Heavy Plow |
| 23:34 | Crear | Villager (Male) |
| 23:51 | Crear | Scorpion |
| 23:52 | Crear | Scorpion |
| 24:05 | Crear | Villager (Male) |
Build order — 旋律
Primeras 150 de 791 acciones detectadas
| 0:02 | Crear | Villager (Male) |
| 0:02 | Crear | Villager (Male) |
| 0:02 | Construir | House |
| 0:03 | Construir | House |
| 0:10 | Crear | Villager (Male) |
| 0:11 | Crear | Villager (Male) |
| 1:12 | Crear | Villager (Male) |
| 1:12 | Crear | Villager (Male) |
| 1:43 | Crear | Villager (Male) |
| 1:43 | Crear | Villager (Male) |
| 1:51 | Construir | Lumber Camp |
| 2:12 | Crear | Villager (Male) |
| 2:33 | Crear | Villager (Male) |
| 2:33 | Crear | Villager (Male) |
| 2:53 | Crear | Villager (Male) |
| 2:53 | Crear | Villager (Male) |
| 3:12 | Crear | Villager (Male) |
| 3:32 | Crear | Villager (Male) |
| 3:51 | Construir | House |
| 3:57 | Construir | House |
| 4:02 | Crear | Villager (Male) |
| 4:24 | Construir | Mill |
| 4:27 | Crear | Villager (Male) |
| 4:46 | Crear | Villager (Male) |
| 4:46 | Crear | Villager (Male) |
| 4:53 | Construir | House |
| 5:25 | Crear | Villager (Male) |
| 5:53 | Construir | Mill |
| 5:55 | Crear | Villager (Male) |
| 6:15 | Crear | Villager (Male) |
| 6:15 | Crear | Villager (Male) |
| 7:06 | Construir | Farm |
| 7:10 | Construir | Farm |
| 7:40 | Crear | Villager (Male) |
| 7:40 | Crear | Villager (Male) |
| 8:15 | Investigar | Feudal Age |
| 8:23 | Construir | Mining Camp |
| 8:56 | Crear | Villager (Male) |
| 8:56 | Crear | Villager (Male) |
| 10:32 | Edad | Edad Feudal |
| 10:35 | Construir | Market |
| 10:45 | Construir | Blacksmith |
| 11:28 | Investigar | Castle Age |
| 11:41 | Investigar | Horse Collar |
| 12:22 | Crear | Villager (Male) |
| 12:39 | Construir | Farm |
| 12:40 | Construir | Farm |
| 12:55 | Investigar | Double-Bit Axe |
| 14:08 | Edad | Edad de los Castillos |
| 14:14 | Construir | Siege Workshop |
| 14:15 | Crear | Villager (Male) |
| 14:32 | Crear | Villager (Male) |
| 14:45 | Construir | House |
| 14:46 | Construir | House |
| 14:50 | Construir | House |
| 14:51 | Construir | House |
| 14:58 | Crear | Iron Pagoda |
| 15:01 | Crear | Villager (Male) |
| 15:03 | Construir | Farm |
| 15:24 | Construir | Town Center |
| 15:25 | Investigar | Bow Saw |
| 15:29 | Crear | Villager (Male) |
| 15:39 | Construir | Farm |
| 15:49 | Construir | House |
| 15:50 | Construir | House |
| 15:54 | Crear | Villager (Male) |
| 16:09 | Construir | Farm |
| 16:11 | Crear | Iron Pagoda |
| 16:14 | Crear | Villager (Male) |
| 16:28 | Construir | Farm |
| 16:43 | Crear | Villager (Male) |
| 16:50 | Construir | Farm |
| 17:02 | Crear | Villager (Male) |
| 17:02 | Crear | Villager (Male) |
| 17:09 | Construir | Farm |
| 17:15 | Construir | Farm |
| 17:23 | Construir | Farm |
| 17:26 | Crear | Villager (Male) |
| 17:26 | Crear | Villager (Male) |
| 17:27 | Crear | Villager (Male) |
| 17:31 | Construir | Farm |
| 17:37 | Crear | Villager (Male) |
| 17:39 | Construir | Farm |
| 17:52 | Construir | Farm |
| 17:56 | Crear | Villager (Male) |
| 18:01 | Construir | Farm |
| 18:10 | Crear | Villager (Male) |
| 18:12 | Construir | Farm |
| 18:20 | Construir | Farm |
| 18:22 | Crear | Villager (Male) |
| 18:25 | Construir | Farm |
| 18:30 | Crear | Villager (Male) |
| 18:35 | Construir | Farm |
| 18:38 | Crear | Villager (Male) |
| 18:38 | Crear | Villager (Male) |
| 18:46 | Construir | Farm |
| 18:53 | Crear | Villager (Male) |
| 18:55 | Construir | Farm |
| 18:57 | Crear | Villager (Male) |
| 18:57 | Crear | Villager (Male) |
| 19:04 | Crear | Villager (Male) |
| 19:15 | Construir | Farm |
| 19:17 | Construir | Farm |
| 19:24 | Construir | Farm |
| 19:38 | Investigar | Wheelbarrow |
| 19:41 | Crear | Villager (Male) |
| 19:54 | Crear | Villager (Male) |
| 19:54 | Crear | Villager (Male) |
| 20:17 | Construir | Town Center |
| 20:26 | Crear | Villager (Male) |
| 20:27 | Crear | Villager (Male) |
| 20:44 | Crear | Villager (Male) |
| 20:55 | Crear | Villager (Male) |
| 21:09 | Construir | Town Center |
| 21:27 | Crear | Villager (Male) |
| 21:28 | Crear | Villager (Male) |
| 21:32 | Investigar | Hand Cart |
| 21:41 | Crear | Villager (Male) |
| 21:53 | Crear | Villager (Male) |
| 21:54 | Construir | Farm |
| 21:55 | Construir | Farm |
| 22:03 | Crear | Villager (Male) |
| 22:13 | Crear | Villager (Male) |
| 22:24 | Investigar | Gold Mining |
| 22:24 | Investigar | Stone Mining |
| 22:26 | Crear | Villager (Male) |
| 22:36 | Crear | Villager (Male) |
| 22:36 | Crear | Villager (Male) |
| 22:37 | Crear | Villager (Male) |
| 22:37 | Crear | Villager (Male) |
| 22:40 | Crear | Villager (Male) |
| 22:46 | Construir | Farm |
| 22:46 | Construir | Farm |
| 22:46 | Construir | Farm |
| 22:50 | Construir | Farm |
| 22:51 | Crear | Villager (Male) |
| 22:54 | Construir | Farm |
| 22:59 | Construir | Farm |
| 23:02 | Crear | Villager (Male) |
| 23:12 | Crear | Villager (Male) |
| 23:23 | Construir | Mining Camp |
| 23:26 | Investigar | Gold Shaft Mining |
| 23:26 | Investigar | Stone Shaft Mining |
| 23:28 | Crear | Villager (Male) |
| 23:28 | Crear | Villager (Male) |
| 23:30 | Construir | Farm |
| 23:30 | Construir | Farm |
| 23:36 | Crear | Villager (Male) |
| 23:36 | Crear | Villager (Male) |
| 23:39 | Construir | Farm |
Build order — ANKR.ice cream
Primeras 150 de 1246 acciones detectadas
| 0:02 | Crear | Villager (Male) |
| 0:03 | Crear | Villager (Male) |
| 0:03 | Crear | Villager (Male) |
| 0:03 | Crear | Villager (Male) |
| 0:04 | Construir | House |
| 1:21 | Construir | House |
| 1:35 | Crear | Villager (Male) |
| 1:47 | Construir | House |
| 2:08 | Crear | Villager (Male) |
| 2:09 | Crear | Villager (Male) |
| 2:19 | Crear | Villager (Male) |
| 2:19 | Crear | Villager (Male) |
| 2:28 | Construir | Lumber Camp |
| 2:33 | Construir | Lumber Camp |
| 2:50 | Crear | Villager (Male) |
| 2:50 | Crear | Villager (Male) |
| 2:54 | Construir | House |
| 3:01 | Crear | Villager (Male) |
| 3:36 | Crear | Villager (Male) |
| 3:51 | Crear | Villager (Male) |
| 3:51 | Crear | Villager (Male) |
| 4:10 | Crear | Villager (Male) |
| 4:10 | Crear | Villager (Male) |
| 4:21 | Crear | Villager (Male) |
| 5:05 | Crear | Villager (Male) |
| 5:31 | Investigar | Loom |
| 5:38 | Construir | Mining Camp |
| 6:17 | Crear | Villager (Male) |
| 6:56 | Investigar | Feudal Age |
| 7:53 | Construir | Mill |
| 8:15 | Crear | Villager (Male) |
| 9:06 | Edad | Edad Feudal |
| 9:09 | Crear | Villager (Male) |
| 9:17 | Construir | Farm |
| 9:23 | Construir | Farm |
| 9:25 | Crear | Villager (Male) |
| 9:45 | Crear | Villager (Male) |
| 9:55 | Construir | Mining Camp |
| 10:07 | Construir | Market |
| 10:16 | Crear | Villager (Male) |
| 10:32 | Construir | House |
| 10:57 | Construir | Blacksmith |
| 11:11 | Crear | Villager (Male) |
| 11:23 | Crear | Villager (Male) |
| 11:27 | Construir | Farm |
| 12:02 | Crear | Villager (Male) |
| 12:04 | Construir | Farm |
| 12:07 | Construir | Farm |
| 12:23 | Construir | Outpost |
| 12:52 | Investigar | Castle Age |
| 12:52 | Investigar | Castle Age |
| 13:31 | Construir | Farm |
| 13:42 | Construir | Outpost |
| 13:53 | Investigar | Horse Collar |
| 14:02 | Investigar | Double-Bit Axe |
| 14:29 | Construir | Farm |
| 14:31 | Construir | Farm |
| 14:55 | Construir | Outpost |
| 15:05 | Investigar | Town Watch |
| 15:32 | Edad | Edad de los Castillos |
| 15:34 | Crear | Villager (Male) |
| 15:35 | Crear | Villager (Male) |
| 15:37 | Construir | Town Center |
| 15:55 | Investigar | Bow Saw |
| 16:13 | Construir | Outpost |
| 16:14 | Crear | Villager (Male) |
| 16:43 | Construir | Town Center |
| 17:01 | Crear | Villager (Male) |
| 17:04 | Crear | Villager (Male) |
| 17:04 | Crear | Villager (Male) |
| 17:04 | Crear | Villager (Male) |
| 17:20 | Construir | House |
| 17:21 | Construir | House |
| 17:25 | Crear | Villager (Male) |
| 17:25 | Crear | Villager (Male) |
| 17:40 | Crear | Villager (Male) |
| 17:42 | Construir | Farm |
| 18:07 | Construir | Farm |
| 18:08 | Construir | Farm |
| 18:15 | Crear | Villager (Male) |
| 18:16 | Crear | Villager (Male) |
| 18:16 | Crear | Villager (Male) |
| 18:16 | Crear | Villager (Male) |
| 18:30 | Construir | Farm |
| 18:35 | Crear | Villager (Male) |
| 18:35 | Crear | Villager (Male) |
| 18:35 | Crear | Villager (Male) |
| 18:39 | Investigar | Bow Saw |
| 18:41 | Crear | Villager (Male) |
| 18:41 | Crear | Villager (Male) |
| 18:45 | Construir | House |
| 18:51 | Crear | Villager (Male) |
| 18:51 | Crear | Villager (Male) |
| 18:58 | Crear | Villager (Male) |
| 19:05 | Construir | Farm |
| 19:12 | Construir | Farm |
| 19:14 | Crear | Villager (Male) |
| 19:17 | Construir | House |
| 19:21 | Construir | Farm |
| 19:28 | Crear | Villager (Male) |
| 19:29 | Crear | Villager (Male) |
| 19:36 | Construir | Farm |
| 19:43 | Construir | Farm |
| 19:43 | Construir | Farm |
| 19:45 | Crear | Villager (Male) |
| 19:52 | Construir | Farm |
| 19:54 | Crear | Villager (Male) |
| 19:54 | Crear | Villager (Male) |
| 20:04 | Construir | Farm |
| 20:04 | Construir | Farm |
| 20:06 | Construir | Farm |
| 20:09 | Construir | Mill |
| 20:10 | Crear | Villager (Male) |
| 20:23 | Construir | Farm |
| 20:25 | Crear | Villager (Male) |
| 20:25 | Crear | Villager (Male) |
| 20:31 | Construir | Farm |
| 20:32 | Crear | Villager (Male) |
| 20:32 | Crear | Villager (Male) |
| 20:43 | Construir | Farm |
| 20:44 | Construir | Farm |
| 20:45 | Crear | Villager (Male) |
| 20:45 | Crear | Villager (Male) |
| 20:52 | Crear | Villager (Male) |
| 20:52 | Crear | Villager (Male) |
| 20:57 | Crear | Villager (Male) |
| 21:04 | Construir | House |
| 21:04 | Construir | House |
| 21:10 | Crear | Villager (Male) |
| 21:11 | Crear | Villager (Male) |
| 21:14 | Construir | House |
| 21:18 | Crear | Villager (Male) |
| 21:18 | Crear | Villager (Male) |
| 21:20 | Construir | Farm |
| 21:20 | Construir | Farm |
| 21:22 | Construir | Farm |
| 21:22 | Crear | Villager (Male) |
| 21:23 | Construir | Farm |
| 21:28 | Crear | Villager (Male) |
| 21:38 | Investigar | Wheelbarrow |
| 21:38 | Investigar | Wheelbarrow |
| 21:43 | Crear | Villager (Male) |
| 21:47 | Construir | Farm |
| 21:55 | Crear | Villager (Male) |
| 22:02 | Construir | House |
| 22:02 | Construir | House |
| 22:03 | Construir | House |
| 22:04 | Construir | House |
| 22:05 | Crear | Villager (Male) |
| 22:05 | Crear | Villager (Male) |
Build order — _LY_lyx
Primeras 150 de 1487 acciones detectadas
| 0:01 | Crear | Villager (Male) |
| 0:01 | Crear | Villager (Male) |
| 0:01 | Crear | Villager (Male) |
| 0:02 | Construir | House |
| 0:03 | Construir | House |
| 0:08 | Crear | Villager (Male) |
| 1:25 | Crear | Villager (Male) |
| 1:48 | Construir | Lumber Camp |
| 2:00 | Crear | Villager (Male) |
| 2:12 | Crear | Villager (Male) |
| 2:12 | Crear | Villager (Male) |
| 2:43 | Crear | Villager (Male) |
| 2:43 | Crear | Villager (Male) |
| 2:57 | Crear | Villager (Male) |
| 2:57 | Crear | Villager (Male) |
| 3:31 | Crear | Villager (Male) |
| 3:50 | Construir | House |
| 3:57 | Crear | Villager (Male) |
| 3:57 | Crear | Villager (Male) |
| 4:18 | Construir | Building 804 |
| 4:22 | Crear | Villager (Male) |
| 4:22 | Crear | Villager (Male) |
| 4:34 | Construir | Building 804 |
| 4:38 | Construir | Palisade Wall |
| 4:47 | Construir | Mill |
| 4:51 | Crear | Villager (Male) |
| 4:58 | Construir | Palisade Wall |
| 5:01 | Construir | Palisade Wall |
| 5:03 | Crear | Villager (Male) |
| 5:05 | Construir | Palisade Wall |
| 5:36 | Crear | Villager (Male) |
| 5:38 | Construir | House |
| 5:57 | Crear | Villager (Male) |
| 6:18 | Crear | Villager (Male) |
| 6:52 | Crear | Villager (Male) |
| 6:52 | Crear | Villager (Male) |
| 7:31 | Crear | Villager (Male) |
| 7:32 | Crear | Villager (Male) |
| 8:30 | Investigar | Feudal Age |
| 8:30 | Investigar | Feudal Age |
| 9:01 | Construir | House |
| 9:37 | Construir | Farm |
| 9:39 | Construir | Farm |
| 9:42 | Construir | Farm |
| 9:50 | Construir | Farm |
| 9:52 | Construir | Farm |
| 9:54 | Construir | Farm |
| 10:22 | Crear | Villager (Male) |
| 10:22 | Crear | Villager (Male) |
| 10:56 | Edad | Edad Feudal |
| 10:56 | Investigar | Horse Collar |
| 10:59 | Construir | Market |
| 11:03 | Construir | Blacksmith |
| 11:51 | Investigar | Castle Age |
| 11:52 | Investigar | Castle Age |
| 12:27 | Investigar | Double-Bit Axe |
| 14:11 | Construir | House |
| 14:15 | Crear | Villager (Male) |
| 14:31 | Edad | Edad de los Castillos |
| 14:34 | Construir | Town Center |
| 14:36 | Construir | Town Center |
| 14:37 | Construir | Town Center |
| 14:49 | Crear | Villager (Male) |
| 15:02 | Investigar | Bow Saw |
| 15:09 | Crear | Villager (Male) |
| 15:25 | Investigar | Heavy Plow |
| 15:25 | Investigar | Heavy Plow |
| 15:32 | Construir | Farm |
| 15:38 | Crear | Villager (Male) |
| 15:45 | Crear | Villager (Male) |
| 15:47 | Construir | Farm |
| 15:48 | Construir | Farm |
| 15:48 | Crear | Villager (Male) |
| 15:50 | Construir | Farm |
| 15:55 | Crear | Villager (Male) |
| 15:58 | Construir | Farm |
| 16:00 | Crear | Villager (Male) |
| 16:10 | Crear | Villager (Male) |
| 16:13 | Construir | Farm |
| 16:24 | Crear | Villager (Male) |
| 16:25 | Construir | Farm |
| 16:27 | Construir | Farm |
| 16:34 | Construir | Farm |
| 16:36 | Crear | Villager (Male) |
| 16:36 | Crear | Villager (Male) |
| 16:50 | Crear | Villager (Male) |
| 16:51 | Construir | Farm |
| 16:52 | Construir | Farm |
| 17:03 | Construir | Farm |
| 17:05 | Crear | Villager (Male) |
| 17:05 | Crear | Villager (Male) |
| 17:11 | Construir | Farm |
| 17:13 | Crear | Villager (Male) |
| 17:13 | Crear | Villager (Male) |
| 17:18 | Construir | Farm |
| 17:22 | Construir | Farm |
| 17:23 | Crear | Villager (Male) |
| 17:23 | Crear | Villager (Male) |
| 17:32 | Construir | Farm |
| 17:34 | Crear | Villager (Male) |
| 17:34 | Crear | Villager (Male) |
| 17:41 | Crear | Villager (Male) |
| 17:42 | Construir | Farm |
| 17:48 | Crear | Villager (Male) |
| 17:48 | Crear | Villager (Male) |
| 17:50 | Construir | Farm |
| 17:52 | Crear | Villager (Male) |
| 17:53 | Crear | Villager (Male) |
| 18:05 | Construir | Farm |
| 18:06 | Crear | Villager (Male) |
| 18:07 | Construir | House |
| 18:11 | Construir | House |
| 18:11 | Construir | House |
| 18:12 | Crear | Villager (Male) |
| 18:12 | Crear | Villager (Male) |
| 18:14 | Construir | Farm |
| 18:17 | Crear | Villager (Male) |
| 18:17 | Crear | Villager (Male) |
| 18:20 | Crear | Villager (Male) |
| 18:20 | Crear | Villager (Male) |
| 18:22 | Construir | Farm |
| 18:30 | Construir | Farm |
| 18:32 | Crear | Villager (Male) |
| 18:32 | Crear | Villager (Male) |
| 18:37 | Crear | Villager (Male) |
| 18:37 | Crear | Villager (Male) |
| 18:42 | Crear | Villager (Male) |
| 18:42 | Crear | Villager (Male) |
| 18:48 | Crear | Villager (Male) |
| 18:48 | Crear | Villager (Male) |
| 18:52 | Construir | Lumber Camp |
| 18:58 | Crear | Villager (Male) |
| 19:02 | Crear | Villager (Male) |
| 19:07 | Crear | Villager (Male) |
| 19:07 | Crear | Villager (Male) |
| 19:13 | Construir | Farm |
| 19:15 | Construir | Farm |
| 19:16 | Crear | Villager (Male) |
| 19:33 | Crear | Villager (Male) |
| 19:38 | Investigar | Wheelbarrow |
| 19:44 | Crear | Villager (Male) |
| 19:54 | Crear | Villager (Male) |
| 19:56 | Construir | Town Center |
| 19:59 | Construir | House |
| 20:01 | Crear | Villager (Male) |
| 20:08 | Investigar | Heavy Plow |
| 20:09 | Crear | Villager (Male) |
| 20:15 | Construir | House |
| 20:23 | Crear | Villager (Male) |
| 20:29 | Construir | Mining Camp |
Cronología de la partida
| 2:58 | Rayz · wall_segment Palisade Wall x1 |
| 3:01 | Rayz · wall_segment Palisade Wall x1 |
| 3:03 | Rayz · wall_segment Palisade Wall x1 |
| 3:06 | Rayz · wall_segment Palisade Wall x1 |
| 3:28 | Rayz · wall_segment Palisade Wall x1 |
| 3:29 | Rayz · wall_segment Palisade Wall x1 |
| 3:31 | Rayz · wall_segment Palisade Wall x1 |
| 3:35 | Rayz · wall_segment Palisade Wall x1 |
| 3:39 | Rayz · wall_segment Palisade Wall x1 |
| 3:41 | Rayz · wall_segment Palisade Wall x1 |
| 3:43 | Rayz · wall_segment Palisade Wall x1 |
| 3:45 | Rayz · wall_segment Palisade Wall x1 |
| 4:38 | _LY_lyx · wall_segment Palisade Wall x1 |
| 4:46 | liang0312 · wall_segment Palisade Wall x1 |
| 4:58 | _LY_lyx · wall_segment Palisade Wall x1 |
| 5:01 | _LY_lyx · wall_segment Palisade Wall x1 |
| 5:05 | _LY_lyx · wall_segment Palisade Wall x1 |
| 9:06 | ANKR.ice cream · age_up feudal |
| 9:43 | Rayz · age_up feudal |
| 9:48 | 别西卜 · wall_segment Palisade Wall x1 |
| 9:51 | 别西卜 · wall_segment Palisade Wall x1 |
| 9:52 | 别西卜 · wall_segment Palisade Wall x1 |
| 9:53 | 别西卜 · wall_segment Palisade Wall x1 |
| 10:32 | 旋律 · age_up feudal |
| 10:32 | Rayz · first_market_sell 500 stone |
| 10:56 | _LY_lyx · age_up feudal |
| 11:00 | 要圍好別送馬啊~小花土 · age_up feudal |
| 11:12 | 得鹿梦鱼 · age_up feudal |
| 11:21 | 要圍好別送馬啊~小花土 · first_building Stable |
| 11:21 | liang0312 · age_up feudal |
| 11:23 | 别西卜 · age_up feudal |
| 11:46 | ANKR.ice cream · first_market_sell 100 stone |
| 11:47 | _LY_lyx · first_market_sell 100 wood |
| 11:59 | ANKR.ice cream · first_market_buy 100 food |
| 13:13 | Rayz · age_up castle |
| 13:15 | Rayz · first_building Siege Workshop |
| 13:23 | Rayz · wall_segment Palisade Wall x1 |
| 13:24 | Rayz · wall_segment Palisade Wall x1 |
| 13:44 | 要圍好別送馬啊~小花土 · age_up castle |
| 14:08 | 旋律 · age_up castle |
| 14:14 | 旋律 · first_building Siege Workshop |
| 14:31 | _LY_lyx · age_up castle |
| 14:51 | 得鹿梦鱼 · age_up castle |
| 14:51 | liang0312 · age_up castle |
| 15:03 | 别西卜 · age_up castle |
| 15:04 | 别西卜 · first_building Siege Workshop |
| 15:05 | 别西卜 · first_market_sell 100 wood |
| 15:14 | 别西卜 · wall_segment Stone Wall x7 |
| 15:19 | 别西卜 · wall_segment Stone Wall x7 |
| 15:21 | 别西卜 · wall_segment Stone Wall x5 |
| 15:32 | ANKR.ice cream · age_up castle |
| 16:10 | 旋律 · first_market_buy 100 wood |
| 16:38 | liang0312 · first_market_buy 100 food |
| 17:27 | 别西卜 · wall_segment Stone Wall x1 |
| 17:36 | 得鹿梦鱼 · first_building Siege Workshop |
| 17:52 | 得鹿梦鱼 · wall_segment Stone Wall x6 |
| 18:21 | 得鹿梦鱼 · first_market_sell 100 wood |
| 18:24 | 别西卜 · first_market_buy 100 stone |
| 18:49 | 得鹿梦鱼 · wall_segment Stone Wall x4 |
| 20:01 | 得鹿梦鱼 · wall_segment Stone Wall x5 |
| 21:08 | _LY_lyx · first_building Siege Workshop |
| 21:37 | Rayz · first_market_buy 100 stone |
| 22:32 | 得鹿梦鱼 · wall_segment Stone Wall x1 |
| 23:29 | 得鹿梦鱼 · first_market_buy 100 wood |
| 23:37 | liang0312 · first_building Monastery |
| 23:53 | _LY_lyx · first_building Castle |
| 23:55 | ANKR.ice cream · first_building Siege Workshop |
| 24:24 | 要圍好別送馬啊~小花土 · first_market_buy 100 wood |
| 24:46 | liang0312 · first_building Castle |
| 24:54 | ANKR.ice cream · first_building Castle |
| 25:36 | liang0312 · first_building Barracks |
| 26:35 | liang0312 · first_building Donjon |
| 26:55 | ANKR.ice cream · first_building Barracks |
| 26:56 | 旋律 · first_building Castle |
| 27:25 | ANKR.ice cream · first_building Archery Range |
| 27:34 | _LY_lyx · first_building Barracks |
| 27:56 | 别西卜 · first_building Castle |
| 27:57 | _LY_lyx · first_building Donjon |
| 27:58 | liang0312 · age_up imperial |
| 28:08 | ANKR.ice cream · age_up imperial |
| 28:17 | 要圍好別送馬啊~小花土 · first_market_sell 100 food |
| 28:24 | _LY_lyx · age_up imperial |
| 28:29 | 旋律 · first_building Barracks |
| 29:07 | 别西卜 · wall_segment Stone Wall x7 |
| 29:09 | 别西卜 · wall_segment Stone Wall x3 |
| 29:20 | 旋律 · age_up imperial |
| 29:26 | 别西卜 · first_building Barracks |
| 29:36 | 要圍好別送馬啊~小花土 · first_building Castle |
| 29:59 | ANKR.ice cream · wall_segment Stone Wall x1 |
| 30:43 | 别西卜 · wall_segment Stone Wall x1 |
| 30:44 | 别西卜 · wall_segment Stone Wall x1 |
| 30:51 | 别西卜 · first_building Stable |
| 31:20 | _LY_lyx · wall_segment Stone Wall x1 |
| 31:24 | _LY_lyx · wall_segment Stone Wall x1 |
| 31:28 | _LY_lyx · wall_segment Stone Wall x1 |
| 31:29 | _LY_lyx · wall_segment Stone Wall x1 |
| 31:44 | 旋律 · first_market_sell 100 food |
| 31:46 | 别西卜 · age_up imperial |
| 31:57 | 要圍好別送馬啊~小花土 · age_up imperial |
| 32:15 | _LY_lyx · first_market_buy 100 food |
| 32:18 | 得鹿梦鱼 · first_building Barracks |
| 32:48 | 别西卜 · wall_segment Stone Wall x1 |
| 33:40 | 得鹿梦鱼 · first_building Stable |
| 35:54 | 旋律 · tribute_sent a jugador 1 |
| 35:54 | 旋律 · tribute_sent a jugador 2 |
| 35:54 | 旋律 · tribute_sent a jugador 3 |
| 35:54 | 旋律 · tribute_sent a jugador 4 |
| 35:54 | 旋律 · tribute_sent a jugador 5 |
| 35:54 | 旋律 · tribute_sent a jugador 7 |
| 35:54 | 旋律 · tribute_sent a jugador 8 |
| 36:34 | 旋律 · tribute_sent a jugador 1 |
| 36:34 | 旋律 · tribute_sent a jugador 2 |
| 36:34 | 旋律 · tribute_sent a jugador 3 |
| 36:34 | 旋律 · tribute_sent a jugador 4 |
| 36:34 | 旋律 · tribute_sent a jugador 5 |
| 36:34 | 旋律 · tribute_sent a jugador 7 |
| 36:34 | 旋律 · tribute_sent a jugador 8 |
| 36:40 | Rayz · first_building Castle |
| 37:26 | _LY_lyx · wall_segment Stone Wall x1 |
| 37:27 | _LY_lyx · wall_segment Stone Wall x1 |
| 37:28 | _LY_lyx · wall_segment Stone Wall x1 |
| 37:29 | _LY_lyx · wall_segment Stone Wall x1 |
| 37:37 | 得鹿梦鱼 · first_building Monastery |
| 38:32 | 旋律 · tribute_sent a jugador 1 |
| 38:32 | 旋律 · tribute_sent a jugador 2 |
| 38:32 | 旋律 · tribute_sent a jugador 3 |
| 38:32 | 旋律 · tribute_sent a jugador 4 |
| 38:32 | 旋律 · tribute_sent a jugador 5 |
| 38:32 | 旋律 · tribute_sent a jugador 7 |
| 38:32 | 旋律 · tribute_sent a jugador 8 |
| 38:35 | 得鹿梦鱼 · tribute_sent a jugador 1 |
| 38:35 | 得鹿梦鱼 · tribute_sent a jugador 3 |
| 38:35 | 得鹿梦鱼 · tribute_sent a jugador 4 |
| 38:35 | 得鹿梦鱼 · tribute_sent a jugador 5 |
| 38:35 | 得鹿梦鱼 · tribute_sent a jugador 6 |
| 38:35 | 得鹿梦鱼 · tribute_sent a jugador 7 |
| 38:35 | 得鹿梦鱼 · tribute_sent a jugador 8 |
| 38:36 | 要圍好別送馬啊~小花土 · first_building Siege Workshop |
| 39:01 | 旋律 · tribute_sent a jugador 1 |
| 39:01 | 旋律 · tribute_sent a jugador 2 |
| 39:01 | 旋律 · tribute_sent a jugador 3 |
| 39:01 | 旋律 · tribute_sent a jugador 4 |
| 39:01 | 旋律 · tribute_sent a jugador 5 |
| 39:01 | 旋律 · tribute_sent a jugador 7 |
| 39:01 | 旋律 · tribute_sent a jugador 8 |
| 39:06 | Rayz · tribute_sent a jugador 1 |
| 39:06 | Rayz · tribute_sent a jugador 2 |
| 39:06 | Rayz · tribute_sent a jugador 3 |
| 39:06 | Rayz · tribute_sent a jugador 4 |
| 39:06 | Rayz · tribute_sent a jugador 6 |
| 39:06 | Rayz · tribute_sent a jugador 7 |
| 39:06 | Rayz · tribute_sent a jugador 8 |
| 40:18 | 得鹿梦鱼 · first_building Archery Range |
| 40:49 | 旋律 · tribute_sent a jugador 1 |
| 40:49 | 旋律 · tribute_sent a jugador 2 |
| 40:49 | 旋律 · tribute_sent a jugador 3 |
| 40:49 | 旋律 · tribute_sent a jugador 4 |
| 40:49 | 旋律 · tribute_sent a jugador 5 |
| 40:49 | 旋律 · tribute_sent a jugador 7 |
| 40:49 | 旋律 · tribute_sent a jugador 8 |
| 41:10 | 要圍好別送馬啊~小花土 · wall_segment Stone Wall x14 |
| 41:28 | Rayz · first_building Monastery |
| 42:03 | 要圍好別送馬啊~小花土 · wall_segment Stone Wall x18 |
| 42:07 | 得鹿梦鱼 · age_up imperial |
| 43:08 | 要圍好別送馬啊~小花土 · wall_segment Stone Wall x13 |
| 43:13 | ANKR.ice cream · wall_segment Stone Wall x1 |
| 43:15 | 要圍好別送馬啊~小花土 · wall_segment Stone Wall x5 |
| 43:20 | 要圍好別送馬啊~小花土 · wall_segment Stone Wall x5 |
| 44:09 | _LY_lyx · first_building Archery Range |
| 45:30 | 旋律 · tribute_sent a jugador 1 |
| 45:30 | 旋律 · tribute_sent a jugador 2 |
| 45:30 | 旋律 · tribute_sent a jugador 3 |
| 45:30 | 旋律 · tribute_sent a jugador 4 |
| 45:30 | 旋律 · tribute_sent a jugador 5 |
| 45:30 | 旋律 · tribute_sent a jugador 7 |
| 45:30 | 旋律 · tribute_sent a jugador 8 |
| 45:33 | _LY_lyx · wall_segment Stone Wall x1 |
| 46:15 | 旋律 · tribute_sent a jugador 1 |
| 46:15 | 旋律 · tribute_sent a jugador 2 |
| 46:15 | 旋律 · tribute_sent a jugador 3 |
| 46:15 | 旋律 · tribute_sent a jugador 4 |
| 46:15 | 旋律 · tribute_sent a jugador 5 |
| 46:15 | 旋律 · tribute_sent a jugador 7 |
| 46:15 | 旋律 · tribute_sent a jugador 8 |
| 46:17 | 得鹿梦鱼 · tribute_sent a jugador 1 |
| 46:17 | 得鹿梦鱼 · tribute_sent a jugador 3 |
| 46:17 | 得鹿梦鱼 · tribute_sent a jugador 4 |
| 46:17 | 得鹿梦鱼 · tribute_sent a jugador 5 |
| 46:17 | 得鹿梦鱼 · tribute_sent a jugador 6 |
| 46:17 | 得鹿梦鱼 · tribute_sent a jugador 7 |
| 46:17 | 得鹿梦鱼 · tribute_sent a jugador 8 |
| 46:41 | _LY_lyx · first_building Stable |
| 46:49 | 旋律 · first_building Archery Range |
| 47:04 | 得鹿梦鱼 · tribute_sent a jugador 1 |
| 47:04 | 得鹿梦鱼 · tribute_sent a jugador 3 |
| 47:04 | 得鹿梦鱼 · tribute_sent a jugador 4 |
| 47:04 | 得鹿梦鱼 · tribute_sent a jugador 5 |
| 47:04 | 得鹿梦鱼 · tribute_sent a jugador 6 |
| 47:04 | 得鹿梦鱼 · tribute_sent a jugador 7 |
| 47:04 | 得鹿梦鱼 · tribute_sent a jugador 8 |
| 47:18 | 别西卜 · first_building Archery Range |
| 47:43 | 要圍好別送馬啊~小花土 · wall_segment Stone Wall x13 |
| 47:58 | 要圍好別送馬啊~小花土 · wall_segment Stone Wall x6 |
| 48:31 | 旋律 · tribute_sent a jugador 1 |
| 48:31 | 旋律 · tribute_sent a jugador 2 |
| 48:31 | 旋律 · tribute_sent a jugador 3 |
| 48:31 | 旋律 · tribute_sent a jugador 4 |
| 48:31 | 旋律 · tribute_sent a jugador 5 |
| 48:31 | 旋律 · tribute_sent a jugador 7 |
| 48:31 | 旋律 · tribute_sent a jugador 8 |
| 48:32 | Rayz · age_up imperial |
| 48:39 | liang0312 · tribute_sent a jugador 1 |
| 48:39 | liang0312 · tribute_sent a jugador 2 |
| 48:39 | liang0312 · tribute_sent a jugador 4 |
| 48:39 | liang0312 · tribute_sent a jugador 5 |
| 48:39 | liang0312 · tribute_sent a jugador 6 |
| 48:39 | liang0312 · tribute_sent a jugador 7 |
| 48:39 | liang0312 · tribute_sent a jugador 8 |
| 48:42 | 旋律 · tribute_sent a jugador 1 |
| 48:42 | 旋律 · tribute_sent a jugador 2 |
| 48:42 | 旋律 · tribute_sent a jugador 3 |
| 48:42 | 旋律 · tribute_sent a jugador 4 |
| 48:42 | 旋律 · tribute_sent a jugador 5 |
| 48:42 | 旋律 · tribute_sent a jugador 7 |
| 48:42 | 旋律 · tribute_sent a jugador 8 |
| 49:15 | 要圍好別送馬啊~小花土 · wall_segment Stone Wall x9 |
| 49:20 | 要圍好別送馬啊~小花土 · wall_segment Stone Wall x4 |
| 49:30 | 旋律 · tribute_sent a jugador 1 |
| 49:30 | 旋律 · tribute_sent a jugador 2 |
| 49:30 | 旋律 · tribute_sent a jugador 3 |
| 49:30 | 旋律 · tribute_sent a jugador 4 |
| 49:30 | 旋律 · tribute_sent a jugador 5 |
| 49:30 | 旋律 · tribute_sent a jugador 7 |
| 49:30 | 旋律 · tribute_sent a jugador 8 |
| 49:50 | 旋律 · first_building Monastery |
| 51:02 | 要圍好別送馬啊~小花土 · wall_segment Stone Wall x3 |
| 51:23 | 要圍好別送馬啊~小花土 · wall_segment Stone Wall x4 |
| 51:25 | 要圍好別送馬啊~小花土 · wall_segment Stone Wall x7 |
| 52:00 | 要圍好別送馬啊~小花土 · wall_segment Stone Wall x4 |
| 53:50 | 得鹿梦鱼 · tribute_sent a jugador 1 |
| 53:50 | 得鹿梦鱼 · tribute_sent a jugador 3 |
| 53:50 | 得鹿梦鱼 · tribute_sent a jugador 4 |
| 53:50 | 得鹿梦鱼 · tribute_sent a jugador 5 |
| 53:50 | 得鹿梦鱼 · tribute_sent a jugador 6 |
| 53:50 | 得鹿梦鱼 · tribute_sent a jugador 7 |
| 53:50 | 得鹿梦鱼 · tribute_sent a jugador 8 |
| 57:58 | 要圍好別送馬啊~小花土 · wall_segment Stone Wall x2 |
| 58:24 | 得鹿梦鱼 · tribute_sent a jugador 1 |
| 58:24 | 得鹿梦鱼 · tribute_sent a jugador 3 |
| 58:24 | 得鹿梦鱼 · tribute_sent a jugador 4 |
| 58:24 | 得鹿梦鱼 · tribute_sent a jugador 5 |
| 58:24 | 得鹿梦鱼 · tribute_sent a jugador 6 |
| 58:24 | 得鹿梦鱼 · tribute_sent a jugador 7 |
| 58:24 | 得鹿梦鱼 · tribute_sent a jugador 8 |
| 60:24 | 得鹿梦鱼 · tribute_sent a jugador 1 |
| 60:24 | 得鹿梦鱼 · tribute_sent a jugador 3 |
| 60:24 | 得鹿梦鱼 · tribute_sent a jugador 4 |
| 60:24 | 得鹿梦鱼 · tribute_sent a jugador 5 |
| 60:24 | 得鹿梦鱼 · tribute_sent a jugador 6 |
| 60:24 | 得鹿梦鱼 · tribute_sent a jugador 7 |
| 60:24 | 得鹿梦鱼 · tribute_sent a jugador 8 |
| 65:44 | 得鹿梦鱼 · tribute_sent a jugador 1 |
| 65:44 | 得鹿梦鱼 · tribute_sent a jugador 3 |
| 65:44 | 得鹿梦鱼 · tribute_sent a jugador 4 |
| 65:44 | 得鹿梦鱼 · tribute_sent a jugador 5 |
| 65:44 | 得鹿梦鱼 · tribute_sent a jugador 6 |
| 65:44 | 得鹿梦鱼 · tribute_sent a jugador 7 |
| 65:44 | 得鹿梦鱼 · tribute_sent a jugador 8 |
| 67:01 | ANKR.ice cream · tribute_sent a jugador 1 |
| 67:01 | ANKR.ice cream · tribute_sent a jugador 2 |
| 67:01 | ANKR.ice cream · tribute_sent a jugador 3 |
| 67:01 | ANKR.ice cream · tribute_sent a jugador 4 |
| 67:01 | ANKR.ice cream · tribute_sent a jugador 5 |
| 67:01 | ANKR.ice cream · tribute_sent a jugador 6 |
| 67:01 | ANKR.ice cream · tribute_sent a jugador 8 |
| 68:03 | 旋律 · tribute_sent a jugador 1 |
| 68:03 | 旋律 · tribute_sent a jugador 2 |
| 68:03 | 旋律 · tribute_sent a jugador 3 |
| 68:03 | 旋律 · tribute_sent a jugador 4 |
| 68:03 | 旋律 · tribute_sent a jugador 5 |
| 68:03 | 旋律 · tribute_sent a jugador 7 |
| 68:03 | 旋律 · tribute_sent a jugador 8 |
| 68:07 | 得鹿梦鱼 · tribute_sent a jugador 1 |
| 68:07 | 得鹿梦鱼 · tribute_sent a jugador 3 |
| 68:07 | 得鹿梦鱼 · tribute_sent a jugador 4 |
| 68:07 | 得鹿梦鱼 · tribute_sent a jugador 5 |
| 68:07 | 得鹿梦鱼 · tribute_sent a jugador 6 |
| 68:07 | 得鹿梦鱼 · tribute_sent a jugador 7 |
| 68:07 | 得鹿梦鱼 · tribute_sent a jugador 8 |
| 68:21 | ANKR.ice cream · tribute_sent a jugador 1 |
| 68:21 | ANKR.ice cream · tribute_sent a jugador 2 |
| 68:21 | ANKR.ice cream · tribute_sent a jugador 3 |
| 68:21 | ANKR.ice cream · tribute_sent a jugador 4 |
| 68:21 | ANKR.ice cream · tribute_sent a jugador 5 |
| 68:21 | ANKR.ice cream · tribute_sent a jugador 6 |
| 68:21 | ANKR.ice cream · tribute_sent a jugador 8 |
| 70:08 | 旋律 · tribute_sent a jugador 1 |
| 70:08 | 旋律 · tribute_sent a jugador 2 |
| 70:08 | 旋律 · tribute_sent a jugador 3 |
| 70:08 | 旋律 · tribute_sent a jugador 4 |
| 70:08 | 旋律 · tribute_sent a jugador 5 |
| 70:08 | 旋律 · tribute_sent a jugador 7 |
| 70:08 | 旋律 · tribute_sent a jugador 8 |
| 70:18 | ANKR.ice cream · tribute_sent a jugador 1 |
| 70:18 | ANKR.ice cream · tribute_sent a jugador 2 |
| 70:18 | ANKR.ice cream · tribute_sent a jugador 3 |
| 70:18 | ANKR.ice cream · tribute_sent a jugador 4 |
| 70:18 | ANKR.ice cream · tribute_sent a jugador 5 |
| 70:18 | ANKR.ice cream · tribute_sent a jugador 6 |
| 70:18 | ANKR.ice cream · tribute_sent a jugador 8 |
| 70:29 | liang0312 · tribute_sent a jugador 1 |
| 70:29 | liang0312 · tribute_sent a jugador 2 |
| 70:29 | liang0312 · tribute_sent a jugador 4 |
| 70:29 | liang0312 · tribute_sent a jugador 5 |
| 70:29 | liang0312 · tribute_sent a jugador 6 |
| 70:29 | liang0312 · tribute_sent a jugador 7 |
| 70:29 | liang0312 · tribute_sent a jugador 8 |
| 70:33 | 旋律 · tribute_sent a jugador 1 |
| 70:33 | 旋律 · tribute_sent a jugador 2 |
| 70:33 | 旋律 · tribute_sent a jugador 3 |
| 70:33 | 旋律 · tribute_sent a jugador 4 |
| 70:33 | 旋律 · tribute_sent a jugador 5 |
| 70:33 | 旋律 · tribute_sent a jugador 7 |
| 70:33 | 旋律 · tribute_sent a jugador 8 |
| 70:35 | 得鹿梦鱼 · tribute_sent a jugador 1 |
| 70:35 | 得鹿梦鱼 · tribute_sent a jugador 3 |
| 70:35 | 得鹿梦鱼 · tribute_sent a jugador 4 |
| 70:35 | 得鹿梦鱼 · tribute_sent a jugador 5 |
| 70:35 | 得鹿梦鱼 · tribute_sent a jugador 6 |
| 70:35 | 得鹿梦鱼 · tribute_sent a jugador 7 |
| 70:35 | 得鹿梦鱼 · tribute_sent a jugador 8 |
| 75:07 | 别西卜 · resign |
[ ANÁLISIS IA · 1 CRÉDITO ]
¿Qué pasó realmente en esta partida?
Wolo.gg analiza cada decisión: build order, eco, micro, errores típicos por bracket. Análisis personalizado por WhatsApp o Discord en 30 segundos.
Guía civ
Sicilianos
Perfil
Jugador #224455